 Dungeon Crawl Stone Soup version 0.32-a0-981-g384da2ce10 (webtiles) character file.

Game seed: 7793911937300407688

175 Sabo the Charlatan (level 5, 0/41 HPs)
             Began as a Draconian Artificer on Apr 20, 2024.
             Slain by a sky beast (5 damage)
             ... on level 4 of the Dungeon.
             The game lasted 00:22:40 (3233 turns).

Sabo the Charlatan (Draconian Artificer)            Turns: 3233, Time: 00:22:40

Health: 0/41       AC:  6    Str: 16    XL:     5   Next: 29%
Magic:  5/5        EV: 11    Int: 11    God:
Gold:   106        SH:  0    Dex: 12    Spells: 4/4 levels left

rFire   . . .        p - +0 hand axe
rCold   . . .        (no shield)
rNeg    . . .        (body armour unavailable)
rPois   .            (helmet restricted)
rElec   .            (no cloak)
rCorr   .            a - +0 pair of gloves
SInv    .            (no boots)
Will    .....        (no amulet)
Stlth   ++           (no ring)
HPRegen 0.26/turn    (no ring)
MPRegen 0.09/turn

%: no passive effects
@: no status effects
A: AC +5, unfitting armour, cold-blooded
a: no special abilities


You were on level 4 of the Dungeon.
You visited 1 branch of the dungeon, and saw 4 of its levels.

You collected 209 gold pieces.
You spent 103 gold pieces at shops.

Inventory:

Hand Weapons
 e - a +0 orcbow
 p - a +0 hand axe (weapon)
Missiles
 i - 3 atropa-tipped darts
 l - 6 poisoned darts
Armour
 a - a +0 pair of gloves (worn)
Talismans
 q - a beast talisman
Wands
 b - a wand of flame (15) (quivered)
 c - a wand of charming (15)
 d - a wand of iceblast (5)
 f - a wand of light (11)
Scrolls
 g - a scroll of silence
 h - a scroll of poison {unknown}
 j - 3 scrolls of teleportation
 m - a scroll of fear
Potions
 k - a potion of cancellation {unknown}
 n - a potion of heal wounds {unknown}
 o - a potion of haste {unknown}


   Skills:
 + Level 2.1 Fighting
 + Level 1.5 Short Blades
 + Level 0.7(1.3) Axes
 + Level 1.6(1.7) Maces & Flails
 + Level 3.3 Dodging
 + Level 1.6 Stealth
 + Level 3.7 Evocations


You had 4 spell levels left.
You didn't know any spells.
Your spell library contained the following spells:

 Spells                   Type           Power      Damage    Failure   Level
 Call Canine Familiar     Summ           0%         N/A       71%         3
 Dazzling Flash           Conj/Hex       0%         N/A       71%         3
 Sigil of Binding         Hex            0%         N/A       71%         3
 Dimensional Bullseye     Hex/Tloc       0%         N/A       98%         4
 Starburst                Conj/Fire      0%         6d3       100%        6
 Fulsome Fusillade        Conj/Alch      0%         (3-5)d4   100%        8


Dungeon Overview and Level Annotations

Branches:
Dungeon (4/15)
 Temple: D:4-7

Altars:

Shops:
D:3 [


Innate Abilities, Weirdness & Mutations

Your plain brown scales are hard. (AC +5)
You cannot fit into any form of body armour.
You are cold-blooded and may be slowed by cold attacks.


Message History

* * * LOW HITPOINT WARNING * * *
Something hits you but does no damage.
You hit something but do no damage. Something hits you but does no damage.
You hit something. You tail-slap something.
Something hits you but does no damage.
You miss something. Something hits you but does no damage.
You closely miss something. Something hits you but does no damage.
Reactivating autopickup.
A sky beast appears from thin air!
The sky beast barely misses you.
You slash the sky beast!
The sky beast is severely wounded.
The sky beast closely misses you.
You closely miss the sky beast.
Your tail-slap misses the sky beast.
The sky beast is severely wounded.
The sky beast hits you but does no damage.
You hit the sky beast. You tail-slap the sky beast.
The sky beast is severely wounded.
The sky beast hits you but does no damage.
You hit the sky beast.
The sky beast is almost dead.
The sky beast misses you. x2
You closely miss the sky beast.
The sky beast is almost dead.
The sky beast barely misses you.
You hit the sky beast but do no damage.
You tail-slap the sky beast, but do no damage.
The sky beast is almost dead.
The sky beast hits you.
* * * LOW HITPOINT WARNING * * *
The sky beast shocks you.
* * * LOW HITPOINT WARNING * * *
You closely miss the sky beast.
The sky beast is almost dead.
The sky beast completely misses you.
You barely miss the sky beast.
The sky beast is almost dead.
The sky beast hits you.
* * * LOW HITPOINT WARNING * * *
The sky beast shocks you.
You die...

#.# #.# #>### #.#..
#.#.##### ..
#.#.#...
##.####.#.#.########
............@Y...~..
##........#.######.#
######...#.###
#........ #.#...###
#)#.#...# #.#......
#.#...... #.# .##..


You could see a sky beast.

Vanquished Creatures
  A bombardier beetle (D:4)
  A gnoll (D:1)
  2 adders
  14 dart slugs
  A ribbon worm (D:3)
  An orc (D:3)
  3 bats
  7 endoplasms
  6 giant cockroaches
  8 goblins
  9 hobgoblins
  3 quokkas
  6 ball pythons
  7 frilled lizards
  4 kobolds
  4 rats (D:1)
77 creatures vanquished.

Notes
Turn   | Place    | Note
-------+----------+-------------------------------------------
     0 | D:1      | Sabo the Draconian Artificer began the quest for the Orb.
     0 | D:1      | Reached XP level 1. HP: 16/16 MP: 1/1
   274 | D:1      | Reached XP level 2. HP: 12/23 MP: 2/2
   757 | D:1      | Reached XP level 3. HP: 27/28 MP: 3/3
   760 | D:1      | Reached skill level 1 in Stealth
   981 | D:1      | Upgraded the game from 0.32-a0-975-g85d4e5bfdb to
                  | 0.32-a0-981-g384da2ce10
  1693 | D:2      | Reached skill level 1 in Short Blades
  1865 | D:2      | Reached XP level 4. HP: 29/36 MP: 4/4
  1997 | D:3      | Found Duonarar's Antique Armour Boutique.
  2016 | D:3      | Bought a pair of gloves for 103 gold pieces
  2591 | D:3      | Reached skill level 1 in Maces & Flails
  2989 | D:4      | Reached XP level 5. HP: 41/41 MP: 5/5
  3199 | D:4      | Noticed a sky beast
  3233 | D:4      | Slain by a sky beast

Illustrated notes

Levels and vault maps discovered:
D:1:      shiori_shiawase, layout_loops_corners, minmay_domino_4
D:2:      layout_rooms
D:3:      kennysheep_slugbush, layout_loops_ring, serial_shops,
          nicolae_shop_trees
D:4:      layout_basic, nicolae_ossuary_entry_monument

Skill      XL: |  1  2  3  4 |
---------------+-------------+-----
Stealth        | 1 |  1.6
Short Blades   | 1 |  1.5
Dodging        | 3 |  3.3
Maces & Flails | 1 |  1.6
Fighting       | 2 |  2.1
Axes           | |  0.7
Evocations     | |  3.7

Action                     |  1- 3 |  4- 6 || total
---------------------------+-------+-------++-------
  Melee: Short sword       |   125 |       ||   125
         Dagger            |    11 |       ||    11
         Club              |     5 |       ||     5
         Tailslap          |    22 |    25 ||    47
         Mace              |    31 |    47 ||    78
         Hand axe          |       |   103 ||   103
    Use: Scroll            |     1 |     5 ||     6
   Stab: Sleeping          |     3 |       ||     3
 Armour: Skin              |   109 |   101 ||   210
  Dodge: Dodged            |   143 |    95 ||   238

Table legend: (Time is in decaauts)
 A = Elapsed time spent in this place.
 B = Non-inter-level travel time spent in this place.
 C = Inter-level travel time spent in this place.
 D = Time resting spent in this place.
 E = Time spent auto-exploring this place.
 F = Levels seen in this place.
 G = Mean time per level.
                   A        B        C        D        E       F      G
               +--------+--------+--------+--------+--------+-----+--------+
         Total |   3299 |   3299 |      0 |    265 |      0 |   4 |  824.8 |
       Dungeon |   3299 |   3299 |      0 |    265 |      0 |   4 |  824.8 |
               +--------+--------+--------+--------+--------+-----+--------+

Top non-repeatable levels by time:
     D:1: 1409 daAuts
     D:3: 990 daAuts
     D:2: 552 daAuts
     D:4: 346 daAuts
